 Dungeon Crawl Stone Soup version 0.29-a0-973-gac7da5f7f0 (webtiles) character file.

Game seed: 17442303873160865296

413 jlumianski the Chopper (level 6, -3/47 HPs)
             Began as a Demonspawn Fighter on July 31, 2022.
             Was an Initiate of Qazlal.
             Splashed by a jelly's acid (9 damage)
             ... on level 6 of the Dungeon.
             The game lasted 00:13:51 (5269 turns).

jlumianski the Chopper (Demonspawn Fighter)         Turns: 5269, Time: 00:13:51

Health: -3/47      AC: -2    Str: 24    XL:     6   Next: 59%
Magic:  6/6        EV: 10    Int: 10    God:    Qazlal [......]
Gold:   151        SH:  5    Dex: 12    Spells: 5/5 levels left

rFire   . . .      SeeInvis .   a - +0 war axe
rCold   + . .      Faith    .   c - +1 buckler
rNeg    . . .      Spirit   .   b - +0 scale mail
rPois   .          Reflect  .   (helmet restricted)
rElec   .          Harm     .   (no cloak)
rCorr   .          Rampage  .   (no gloves)
Will    .....                   (no boots)
Stlth   ..........              o - amulet of magic regeneration
HPRegen 0.15/turn               h - ring of protection from cold
MPRegen 0.50/turn               D - +6 ring of strength

@: corroded, sanguine armoured
A: horns 1, ignite blood 1, sanguine armour 1
a: Renounce Religion


You were on level 6 of the Dungeon.
You worshipped Qazlal.
Qazlal was noncommittal.
You visited 1 branch of the dungeon, and saw 6 of its levels.

You collected 151 gold pieces.

Inventory:

Hand Weapons
 a - a +0 war axe (weapon)
 f - a +1 short sword of flaming
 j - a +2 whip of freezing
Missiles
 k - 6 poisoned darts
 l - 5 boomerangs (quivered)
 n - 39 stones
Armour
 b - a +0 scale mail (worn)
 c - a +1 buckler (worn)
 u - a +0 leather armour of fire resistance
Jewellery
 h - a ring of protection from cold (left hand)
 o - an amulet of magic regeneration (around neck)
 w - a ring of wizardry
 y - a ring of protection from cold
 D - a +6 ring of strength (right hand)
Scrolls
 e - a scroll of vulnerability
 g - a scroll of identify {unknown}
 i - a scroll of brand weapon {unknown}
 m - a scroll of amnesia {unknown}
 r - a scroll of magic mapping {unknown}
 s - a scroll of immolation {unknown}
 x - a scroll of torment
 B - a scroll of enchant armour
 E - a scroll of butterflies {unknown}
 F - a scroll of poison
 H - a scroll of teleportation {unknown}
Potions
 d - a potion of might
 p - a potion of heal wounds
 q - a potion of berserk rage {unknown}
 t - a potion of flight
 v - a potion of attraction
 z - a potion of degeneration {unknown}
 A - a potion of lignification
 C - a potion of brilliance
 G - a potion of cancellation


   Skills:
 + Level 3.6 Fighting
 + Level 4.2 Axes
 + Level 1.3 Throwing
 + Level 4.1 Armour
 + Level 1.8 Dodging
 + Level 0.3 Stealth
 + Level 3.1 Shields


You had 5 spell levels left.
You didn't know any spells.
Your spell library contained the following spells:

 Spells                   Type           Power      Damage    Failure   Level
 Conjure Flame            Conj/Fire      0%         6-21      98%         3
 Ignite Poison            Fire/Tmut/Pois 0%         N/A       98%         3
 Sticky Flame             Conj/Fire      0%         2d3       100%        4


Dungeon Overview and Level Annotations

Branches:
Dungeon (6/15)
 Temple: D:4-7

Altars:
Ashenzari
Cheibriados
Fedhas
Nemelex Xobeh
Qazlal

Shops:
D:4 =


Innate Abilities, Weirdness & Mutations

You have a pair of small horns on your head.
Your demonic aura sometimes causes spilled blood to erupt in flames.
When seriously injured, your blood forms armour. (AC +6)


Message History

Found a scroll labelled REOSTR TU HAA.
Found a stormy altar of Qazlal.
n - 39 stones (gained 5)
H - a scroll labelled REOSTR TU HAA
There is a shaft here.
Found a blossoming altar of Fedhas.
There is a stormy altar of Qazlal here.
You kneel at the altar of Qazlal.
Qazlal welcomes you!
Qazlal grants you and your divine allies immunity to clouds.
A jelly comes into view.
The jelly quivers.
The jelly hits you but does no damage.
You hit the jelly but do no damage. The acid corrodes you!
Your hands burn!
The jelly hits you but does no damage.
You hit the jelly but do no damage.
Your hands burn!
You headbutt the jelly.
The jelly is moderately wounded.
The jelly hits you. The acid corrodes you!
You are splashed with acid!
You hit the jelly but do no damage.
Your hands burn!
The jelly is moderately wounded.
The jelly barely misses you. The jelly closely misses you.
You hit the jelly.
Your hands burn!
Your blood congeals into armour.
The jelly is heavily wounded.
The jelly hits you.
You are splashed with acid.
You hit the jelly but do no damage.
Your hands burn!
You headbutt the jelly, but do no damage.
The jelly is heavily wounded.
The jelly closely misses you.
You hit the jelly. The acid corrodes you!
Your hands burn!
You headbutt the jelly, but do no damage.
The jelly is almost dead.
The jelly hits you.
* * * LOW HITPOINT WARNING * * *
The acid corrodes you!
You are splashed with acid!
* * * LOW HITPOINT WARNING * * *
You block the jelly's attack.
Unknown command.
The jelly attacks as you move away! The jelly hits you.
* * * LOW HITPOINT WARNING * * *
The acid corrodes you!
You are splashed with acid!
You die...

#.###. #.# ##
#.# #
############.#
#
#.......#....#
#
#.#####.#.####
# #.# #.#.##
#.######.#
#....#
#.....J@.#
######
#.####.#.#
#####


You could see a jelly.

Vanquished Creatures
  An ogre (D:4)
  A necrophage (D:4)
  A scorpion (D:4)
  An iguana (D:2)
  Natasha (thrice) (D:2)
  2 adders
  2 worms
  3 dart slugs
  10 orcs
  5 endoplasms
  A giant cockroach (D:3)
  16 goblins
  6 hobgoblins
  2 jackals (D:4)
  2 quokkas (D:1)
  6 ball pythons
  3 bats
  8 kobolds
  2 rats (D:2)
75 creatures vanquished.

Vanquished Creatures (others)
  2 plants (D:1)
2 creatures vanquished.

Grand Total: 77 creatures vanquished

Notes
Turn   | Place    | Note
-------+----------+-------------------------------------------
     0 | D:1      | jlumianski the Demonspawn Fighter began the quest for the
                  | Orb.
     0 | D:1      | Reached XP level 1. HP: 18/18 MP: 1/1
   400 | D:1      | Gained mutation: You have a pair of small horns on your
                  | head. [demonic ancestry]
   400 | D:1      | Reached XP level 2. HP: 24/24 MP: 2/2
   632 | D:1      | Found a faded altar of an unknown god.
   985 | D:3      | Reached XP level 3. HP: 21/29 MP: 3/3
  1252 | D:2      | Noticed Natasha
  1272 | D:2      | Killed Natasha
  1273 | D:2      | Gained mutation: When seriously injured, your blood forms
                  | armour. (AC +6) [demonic ancestry]
  1273 | D:2      | Reached XP level 4. HP: 19/35 MP: 4/4
  1749 | D:2      | Noticed Natasha
  1758 | D:2      | Killed Natasha
  1777 | D:2      | Noticed Natasha
  1784 | D:2      | Killed Natasha
  1785 | D:2      | Reached skill level 1 in Dodging
  2072 | D:2      | Reached skill level 1 in Throwing
  2072 | D:2      | Gained mutation: Your demonic aura sometimes causes spilled
                  | blood to erupt in flames. [demonic ancestry]
  2072 | D:2      | Reached XP level 5. HP: 16/41 MP: 5/5
  2920 | D:3      | Found a broken altar of Ashenzari.
  3210 | D:4      | Found Voruets's Jewellery Emporium.
  3240 | D:4      | Found a sparkling altar of Nemelex Xobeh.
  3651 | D:4      | Reached XP level 6. HP: 43/47 MP: 6/6
  3725 | D:5      | Entered Level 5 of the Dungeon
  3775 | D:5      | Found a snail-covered altar of Cheibriados.
  5195 | D:6      | Found a stormy altar of Qazlal.
  5213 | D:6      | Found a blossoming altar of Fedhas.
  5222 | D:6      | Became a worshipper of Qazlal Stormbringer
  5269 | D:6      | Splashed by a jelly's acid

Illustrated notes

Levels and vault maps discovered:
D:1:      onia_arrival_mini_maze_b, layout_basic,
          shapermc_ecumenical_altar_ellora, corexii_leaking_fountain
D:2:      layout_rooms, uniq_natasha
D:3:      layout_basic, dreamdust_divine_triumvirate, lemuel_crystal_altar,
          corexii_hall_statues_x
D:4:      layout_basic, nemelex_diamond_rough_becter, serial_shops, shop,
          minmay_ogre_servants
D:5:      minmay_polygon_palace, layout_loops_cross,
          mainiacjoe_overflow_small_starburst, cheibriados_altar_1,
          mainiacjoe_overflow_catwalk, uniq_pikel
D:6:      cheibrodos_two_vegetables, layout_basic,
          grunt_temple_overflow_forces_of_nature,
          grunt_dithmenos_smoke_and_mirrors, minmay_temple_entry_gardened_gates

Skill      XL: |  1  2  3  4  5  6 |
---------------+-------------------+-----
Armour         | 3 4 |  4.1
Axes           | 2 3 4 |  4.2
Shields        | 3 |  3.1
Dodging        | 1 |  1.8
Throwing       | 1 |  1.3
Fighting       | |  3.6
Stealth        | |  0.3

Action                   |  1- 3 |  4- 6 || total
-------------------------+-------+-------++-------
Melee: War axe           |    68 |   112 ||   180
       Headbutt          |     8 |    22 ||    30
Throw: Boomerang         |       |    13 ||    13
  Use: Scroll            |       |     4 ||     4
       Potion            |       |     5 ||     5
Armor: Scale mail        |    39 |    39 ||    78
Dodge: Dodged            |    26 |    52 ||    78
Block: Buckler           |    12 |    24 ||    36

Table legend: (Time is in decaauts)
 A = Elapsed time spent in this place.
 B = Non-inter-level travel time spent in this place.
 C = Inter-level travel time spent in this place.
 D = Time resting spent in this place.
 E = Time spent auto-exploring this place.
 F = Levels seen in this place.
 G = Mean time per level.
                   A        B        C        D        E       F      G
               +--------+--------+--------+--------+--------+-----+--------+
         Total |   5363 |   5280 |     83 |     88 |   3643 |   6 |  893.8 |
       Dungeon |   5363 |   5280 |     83 |     88 |   3643 |   6 |  893.8 |
               +--------+--------+--------+--------+--------+-----+--------+

Top non-repeatable levels by time:
     D:3: 1509 daAuts
     D:4: 1402 daAuts
     D:1: 1270 daAuts
     D:2: 1051 daAuts
     D:6: 95 daAuts
     D:5: 33 daAuts
